 Dungeon Crawl Stone Soup version 0.30-a0-953-g5f1da4a474 (webtiles) character file.

Game seed: 2399739000819677604

35 Jeffwins the Twirler (level 3, -1/26 HPs)
             Began as a Human Wanderer on Mar 29, 2023.
             Slain by an iron imp (9 damage)
             ... summoned by Natasha
             ... on level 2 of the Dungeon.
             The game lasted 00:01:53 (1013 turns).

Jeffwins the Twirler (Human Wanderer)               Turns: 1013, Time: 00:01:54

Health: -1/26      AC:  4    Str:  9    XL:     3   Next: 55%
Magic:  3/3        EV: 11    Int: 11    God:
Gold:   93         SH:  0    Dex: 18    Spells: 2/2 levels left

rFire   . . .      SeeInvis .    a - +2 quarterstaff
rCold   . . .      Faith    .    (shield currently unavailable)
rNeg    . . .      Spirit   .    r - +0 leather armour
rPois   .          Reflect  .    (no helmet)
rElec   .          Rampage  .    (no cloak)
rCorr   .                        (no gloves)
Will    .....                    p - +0 pair of boots
Stlth   ++                       (no amulet)
HPRegen 0.24/turn                (no ring)
MPRegen 0.08/turn                (no ring)

@: brilliant
A: no striking features
a: no special abilities


You were on level 2 of the Dungeon.
You visited 1 branch of the dungeon, and saw 2 of its levels.

You collected 93 gold pieces.


   Skills:
 + Level 1.6 Fighting
 - Level 1.0(2.6) Polearms
 - Level 4.0 Staves
 * Level 1.6 Ranged Weapons
 - Level 1.0 Armour
 - Level 1.0 Dodging
 + Level 1.2 Stealth
 + Level 0.0 Spellcasting
 + Level 2.3 Evocations


You had 2 spell levels left.
You didn't know any spells.
Your spell library contained the following spells:

 Spells                   Type           Power      Damage    Failure   Level
 Sting                    Tmut/Pois      0%         1d3       43%         1
 Lesser Beckoning         Tloc           0%         N/A       58%         2
 Poisonous Vapours        Pois/Air       0%         N/A       58%         2
 Gell's Gravitas          Tloc           0%         N/A       82%         3
 Teleport Other           Tloc           0%         N/A       82%         3
 Olgreb's Toxic Radiance  Pois           0%         N/A       99%         4

Inventory:

Hand Weapons
 a - a +2 quarterstaff (weapon)
 b - a +0 spear
 j - a +2 short sword of venom
Armour
 e - a +0 robe
 p - a +0 pair of boots (worn)
 r - a +0 leather armour (worn)
Magical Staves
 i - a staff of earth
Jewellery
 F - a ring of fire
Scrolls
 d - a scroll of blinking
 f - a scroll of fear {unknown}
 g - 3 scrolls of poison {unknown}
 k - 3 scrolls of identify {unknown}
 m - a scroll of amnesia {unknown}
 n - a scroll of enchant weapon {unknown}
 o - a scroll of immolation {unknown}
Potions
 l - a potion of ambrosia
Miscellaneous
 c - a piece from Xom's chessboard (14/15) (quivered)

Dungeon Overview and Level Annotations

Branches:
Dungeon (2/15)

Altars:

Shops:
D:1 [

Annotations:
D:2 Natasha

.h. #...... .<###
#####...... ...
........... #.##
####...... #..#
##'#... ##.# #.#.##
#.# #.#.# #.########
#.#.# #...5h@5.# #..<#
########.#########.#.#
#.#...........#
#.#.#######.###
########...# #.#
#.......##.#### #.#
#........#....# #.#
#......†.#....# #†#
#........#....# #.#


You could see an iron imp (summoned), Natasha and a crimson imp (summoned).


Message History

Natasha claws you.
* * * LOW HITPOINT WARNING * * *
Unknown command.
Unknown command.
You barely miss Natasha. The iron imp barely misses you. Natasha claws you.
* * * LOW HITPOINT WARNING * * *
Unknown command.
Unknown command.
You bump into the rock wall.
You feel less invigorated.
You feel less confused. The iron imp closely misses you.
Natasha closely misses you.
Unknown command.
Unknown command.
You make a move on Xom's chessboard...
The iron imp struggles to resist.
Natasha casts a spell.
The iron imp closely misses you.
Unknown command.
Okay, then.
Unknown command.
Unknown command.
You hit Natasha.
Natasha is lightly wounded.
Natasha barely misses you. The iron imp barely misses you.
You hit Natasha.
Natasha is heavily wounded.
Natasha closely misses you.
You barely miss Natasha.
Natasha is heavily wounded.
The iron imp hits you!
You die...

Skill      XL: |  1  2 |
---------------+-------+-----
Ranged Weapons | 1 |  1.6
Stealth        | 1 |  1.2
Fighting       | |  1.6
Polearms       | |  1.0
Staves         | |  4.0
Armour         | |  1.0
Dodging        | |  1.0
Evocations     | |  2.3

Action                     || total
---------------------------++-------
  Melee: Quarterstaff      ||    88
  Evoke: Piece from Xom's  ||     1
    Use: Potion            ||     3
   Stab: Sleeping          ||     4
 Armour: Robe              ||    12
         Leather armour    ||     5
  Dodge: Dodged            ||    58

Levels and vault maps discovered:
D:1:      minmay_arrival_four_loops, layout_basic, serial_shops,
          nicolae_shop_waterfront, wad_floor_pattern_1
D:2:      layout_basic, minmay_pentomino_o4, uniq_natasha

Notes
Turn   | Place    | Note
-------+----------+-------------------------------------------
     0 | D:1      | Jeffwins the Human Wanderer began the quest for the Orb.
     0 | D:1      | Jeffwins set off with the following items: a +2
                  | quarterstaff, a +0 spear, a piece from Xom's chessboard
                  | (15/15), a scroll of blinking, a +0 robe.
     0 | D:1      | Reached XP level 1. HP: 15/15 MP: 1/1
   105 | D:1      | Reached XP level 2. HP: 21/21 MP: 2/2
   176 | D:1      | Found Ywiufim's Antique Armour Shoppe.
   187 | D:1      | Reached skill level 1 in Ranged Weapons
   308 | D:1      | Reached skill level 1 in Stealth
   308 | D:1      | Reached XP level 3. HP: 26/26 MP: 3/3
   980 | D:2      | Noticed Natasha
  1007 | D:2      | HP: 1/26 [Natasha (2)]
  1013 | D:2      | Slain by an iron imp

Vanquished Creatures
  A dart slug (D:1)
  3 ball pythons (D:1)
  4 endoplasms (D:1)
  A goblin (D:1)
  4 hobgoblins
  A quokka (D:2)
  6 bats (D:1)
  3 frilled lizards
  4 kobolds
  7 rats
34 creatures vanquished.

Table legend: (Time is in decaauts)
 A = Elapsed time spent in this place.
 B = Non-inter-level travel time spent in this place.
 C = Inter-level travel time spent in this place.
 D = Time resting spent in this place.
 E = Time spent auto-exploring this place.
 F = Levels seen in this place.
 G = Mean time per level.
                   A        B        C        D        E       F      G
               +--------+--------+--------+--------+--------+-----+--------+
         Total |   1021 |    987 |     34 |      0 |    703 |   2 |  510.5 |
       Dungeon |   1021 |    987 |     34 |      0 |    703 |   2 |  510.5 |
               +--------+--------+--------+--------+--------+-----+--------+

Top non-repeatable levels by time:
     D:1: 750 daAuts
     D:2: 270 daAuts

Table legend:
 A = Non-vault XP
 B = Vault XP
 C = Vault XP percentage of total XP
 D = Non-vault monster count
 E = Vault monster count
 F = Vault count percentage of total count
                 A         B        C        D         E       F
            +---------+---------+-------+---------+---------+-------
      Total |      51 |       0 |   0.0 |      34 |       0 |   0.0
            +---------+---------+-------+---------+---------+-------
        D:1 |      42 |       0 |   0.0 |      27 |       0 |   0.0
        D:2 |       9 |       0 |   0.0 |       7 |       0 |   0.0
            +---------+---------+-------+---------+---------+-------
